 Dungeon Crawl Stone Soup version 0.26.0-18-gc5c842f807 (webtiles) character file.

Game seed: 253646468487994123

39 thiole the Sneak (level 3, -2/21 HPs)
             Began as an Octopode Hedge Wizard on Jan 23, 2021.
             Slain by an adder (4 damage)
             ... on level 2 of the Dungeon.
             The game lasted 00:01:31 (1603 turns).

thiole the Sneak (Octopode Hedge Wizard)            Turns: 1603, Time: 00:01:32

Health: -2/21      AC:  1    Str:  9    XL:     3   Next: 45%
Magic:  1/7        EV: 13    Int: 17    God:
Gold:   67         SH:  0    Dex: 11    Spells: 7/8 levels left

rFire    . . .     SeeInvis .   a - +0 dagger
rCold    . . .     Faith    .   (no shield)
rNeg     . . .     Spirit   .   b - +0 hat
rPois    +         Reflect  .   o - amulet of the acrobat
rElec    .         Harm     .   e - ring of stealth
rCorr    .         Rampage  .   g - ring of poison resistance
Will     .....                  (no ring)
Stlth    ++++......             (no ring)
HPRegen  0.07/turn              (no ring)
MPRegen  0.10/turn              (no ring)
                                (no ring)
                                (no ring)

@: lethally poisoned (-2 -> -9), invisible
A: almost no armour, stealthy swim, amphibious, 8 rings, constrict 8, camouflage
1, gelatinous body 1
a: no special abilities


You were on level 2 of the Dungeon.
You visited 1 branch of the dungeon, and saw 2 of its levels.

You collected 67 gold pieces.

Inventory:

Hand Weapons
 a - a +0 dagger (weapon)
Armour
 b - a +0 hat (worn)
Jewellery
 e - a ring of stealth (left tentacle)
 g - a ring of poison resistance (right tentacle)
 o - an amulet of the acrobat (around mantle)
Scrolls
 c - 2 scrolls of magic mapping
 f - a scroll of random uselessness {unknown}
 i - a scroll of blinking {unknown}
 j - a scroll of fog {unknown}
 k - a scroll of fear {unknown}
 m - a scroll of immolation {unknown}
 n - a scroll of teleportation {unknown}
 p - a scroll of remove curse {unknown}
Potions
 l - a potion of resistance {unknown}
 q - a potion of heal wounds {unknown}


   Skills:
 - Level 2.0 Dodging
 + Level 3.3 Stealth
 + Level 3.2 Spellcasting
 - Level 2.0 Conjurations
 - Level 2.0 Summonings
 - Level 1.0 Translocations


You had 7 spell levels left.
You knew the following spells:

 Your Spells              Type           Power        Failure   Level
a - Magic Dart            Conj           36%          8%          1

Your spell library contained the following spells:

 Spells                   Type           Power        Failure   Level
 Call Imp                 Summ           9%           12%         2
 Blink                    Tloc           N/A          17%         2
 Slow                     Hex            2%           26%         2
 Conjure Flame            Conj/Fire      6%           34%         3
 Mephitic Cloud           Conj/Pois/Air  4%           36%         3


Dungeon Overview and Level Annotations

Branches:
Dungeon (2/15)

Altars:


Innate Abilities, Weirdness & Mutations

You cannot wear most types of armour.
You are very stealthy in the water. (Stealth+)
You are amphibious.
You can wear up to eight rings at the same time.
You can use your tentacles to constrict eight enemies at once.
Your skin changes colour to match your surroundings (Stealth+).
Your rubbery body absorbs attacks. (AC +1, EV +1)


Message History

You are lethally poisoned!
The adder poisons you!
Casting: Magic Dart (safe; 8% risk of failure)
Confirm with . or Enter, or press ? or * to list all spells.
Aiming: Magic Dart (safe; 8% risk of failure)
Press: ? - help, Shift-Dir - straight line, f/p - adder
Aim: an adder (heavily wounded, 0% to evade)
The magic dart hits the adder.
The adder is heavily wounded.
* * * LOW HITPOINT WARNING * * *
You feel sick. The adder bites you.
* * * LOW HITPOINT WARNING * * *
The adder bites you but does no damage.
It was a potion of cancellation.
You feel magically purged.
* * * LOW HITPOINT WARNING * * *
You feel sick. The adder barely misses you.
It was a potion of invisibility.
You fade into invisibility!
The adder bites you.
You die...

**,,,,,,,,,,,,*#.###.####...##
*,*,,,,,,,,,,**,* #.# ##.##
*,,,,*,,,,,,,,,,* #.# #.######
*,****,,,,,,,**** #.# #.......
**,**,,,,,,,,,* #.# ########
,,,,,,*,,,,,,,######.#####
**********,,,............########
* #..########.###........# *
#..†..S@.......#######..
*********#..###########..##>.##..
,,,,,,,,,,,,* ##.##...#..
*****,******* #.###.'#.. * *,*
#..####... ** *,* ##........ ,**
*,* #......(♣ *,***,* ##.....).
*,,,,,* #####..(


You could see an adder.

Vanquished Creatures
  An adder (D:2)
  A dart slug (D:1)
  A leopard gecko (D:1)
  4 bats
  4 goblins
  5 hobgoblins
  4 kobolds
  A frilled lizard (D:1)
  4 rats (D:1)
25 creatures vanquished.

Notes
Turn   | Place    | Note
-------+----------+-------------------------------------------
     0 | D:1      | thiole the Octopode Hedge Wizard began the quest for the
                  | Orb.
     0 | D:1      | Reached XP level 1. HP: 11/11 MP: 4/4
   253 | D:1      | Reached XP level 2. HP: 17/17 MP: 0/6
  1308 | D:2      | Reached XP level 3. HP: 21/21 MP: 5/7
  1603 | D:2      | Slain by an adder

Illustrated notes

Levels and vault maps discovered:
D:1:      nicolae_arrival_somewhat_less_tricky_arrival, layout_loops_ring
D:2:      layout_loops_ring, nzn_hepliaklqana_mist_gate, minmay_misc_feat_rows,
          grunt_ministairs_6, chequers_serial_rivers_small_a, st_stairs_14

Skill      XL: |  1  2  3 |
---------------+----------+-----
Stealth        | 3 |  3.3
Conjurations   | 2 |  2.0
Summonings     | 2 |  2.0
Dodging        | |  2.0
Spellcasting   | |  3.2
Translocations | |  1.0

Action                   || total
-------------------------++-------
Melee: Dagger            ||    23
       Constrict         ||     3
       Tentacles         ||     1
 Cast: Magic Dart        ||    68
  Use: Scroll            ||     3
       Potion            ||     2
Armor: Skin              ||     2
Dodge: Dodged            ||    18
